 Dungeon Crawl Stone Soup version 0.30-a0-799-g109b55a442 (webtiles) character file.

Game seed: 11496817907727427676

617 cheesebisquit the Geomancer (level 7, -2/36 HPs)
             Began as a Gargoyle Earth Elementalist on Feb 20, 2023.
             Slain by an orc warrior
             ... wielding a +0 flail
              (9 damage)
             ... on level 5 of the Dungeon.
             The game lasted 00:10:33 (4297 turns).

cheesebisquit the Geomancer (GrEE)                  Turns: 4297, Time: 00:10:34

Health: -2/36      AC:  7    Str: 14    XL:     7   Next: 45%
Magic:  4/10       EV: 11    Int: 17    God:
Gold:   195        SH:  0    Dex: 10    Spells: 6/10 levels left

rFire   . . .      SeeInvis +    w - +2 flail (heavy)
rCold   + . .      Faith    .    (no shield)
rNeg    + . .      Spirit   .    a - +0 robe
rPois   ∞          Reflect  .    (no helmet)
rElec   +          Harm     .    (no cloak)
rCorr   +          Rampage  .    d - +0 pair of gloves of Gallantry {rPois rC+ Str+2 SInv}
Will    .....                    (no boots)
Stlth   ++                       (no amulet)
HPRegen 0.26/turn                p - ring of resist corrosion
MPRegen 0.12/turn                (no ring)

@: no status effects
A: sickness immunity, AC +4, negative energy resistance 1, electricity
resistance, torment resistance 1, petrification resistance
a: no special abilities


You were on level 5 of the Dungeon.
You visited 1 branch of the dungeon, and saw 5 of its levels.

You collected 195 gold pieces.

Inventory:

Hand Weapons
 w - a +2 heavy flail (weapon)
Armour
 a - a +0 robe (worn)
 d - the +0 pair of gloves of Gallantry (worn) {rPois rC+ Str+2 SInv}
   (You found it on level 4 of the Dungeon)

   Str:       It affects your strength (+2).
   rC:        It protects you from cold.
   rPois:     It protects you from poison.
   SInv:      It lets you see invisible.
Jewellery
 n - an amulet of guardian spirit
 p - a ring of resist corrosion (left hand)
 r - a +6 ring of intelligence
Scrolls
 e - a scroll of magic mapping {unknown}
 f - 2 scrolls of torment {unknown}
 g - 5 scrolls of teleportation {unknown}
 i - a scroll of noise {unknown}
 j - a scroll of blinking {unknown}
 k - 4 scrolls of poison {unknown}
 l - 2 scrolls of enchant weapon {unknown}
 m - 3 scrolls of vulnerability {unknown}
 o - 4 scrolls of identify {unknown}
 s - a scroll of fear {unknown}
 t - a scroll of enchant armour {unknown}
Potions
 b - a potion of magic
 c - 4 potions of heal wounds {unknown}
 h - a potion of curing {unknown}
 q - 4 potions of attraction {unknown}
 u - 2 potions of mutation {unknown}
 v - a potion of degeneration {unknown}
 x - a potion of brilliance {unknown}


   Skills:
 - Level 1.5 Dodging
 - Level 2.1 Stealth
 - Level 2.0 Spellcasting
 - Level 0.7 Transmutations
 + Level 10.1 Earth Magic


You had 6 spell levels left.
You knew the following spells:

 Your Spells              Type           Power      Damage    Failure   Level
a - Sandblast             Erth           72%        2d16      1%          1
b - Stone Arrow           Conj/Erth      36%        3d9       8%          3

Your spell library contained the following spells:

 Spells                   Type           Power      Damage    Failure   Level
 Passwall                 Tmut/Erth      16%        N/A       3%          2
 Petrify                  Tmut/Erth      20%        N/A       22%         4


Dungeon Overview and Level Annotations

Branches:
Dungeon (5/15)
 Temple: D:4-7

Altars:
Ashenzari
Kikubaaqudgha
Nemelex Xobeh
Qazlal
Yredelemnul


Innate Abilities, Weirdness & Mutations

You are immune to sickness and miasma.
Your stone body is resilient. (AC +4)
You are immune to poison.
You resist negative energy. (rN+)
You are resistant to electric shocks. (rElec)
You are resistant to unholy torment.
You are immune to petrification.


Message History

Found a stone staircase leading down.
l - 2 scrolls labelled YWUDUODOEK (gained 1)
Found 4 stones.
x - a fizzy orange potion An orc comes into view.
It is wielding a +0 dagger.
The blast of sand hits the orc!
You kill the orc!
Things that are here:
a +0 dagger; an orc corpse An orc comes into view.
It is wielding a +0 short sword.
An orc warrior and an orc come into view.
The orc warrior shouts!
The orc shouts!
The blast of sand hits the orc.
The orc is lightly wounded.
The blast of sand hits the orc.
The orc is moderately wounded.
The blast of sand hits the orc.
The orc is almost dead.
The orc closely misses you.
The blast of sand hits the orc!
You kill the orc!
The orc warrior hits you with a +0 flail!
The blast of sand hits the orc warrior!
The orc warrior is moderately wounded.
The orc warrior closely misses you.
The blast of sand hits the orc warrior but does no damage.
The orc warrior is moderately wounded.
The orc hits you but does no damage.
The orc warrior hits you with a +0 flail!
The orc warrior hits you but does no damage.
The orc hits you with a +0 club.
The blast of sand hits the orc warrior!
The orc warrior is heavily wounded.
The orc completely misses you.
The orc warrior hits you with a +0 flail!
* * * LOW HITPOINT WARNING * * *
You barely miss the orc. The orc hits you with a +0 club.
* * * LOW HITPOINT WARNING * * *
The orc warrior hits you with a +0 flail!
You die...

#... .. #..# ...
##..## # ...#
#....###..
....##.......
.....#.....
.......oo# #..@#
#...##### ###
#....)..###.##
#............#
#.....####....#
#...#..#####...##
#...###..#.......#
#...#
#..........## ....
###...........##
.#


You could see an orc warrior and an orc.

Vanquished Creatures
  An ice beast (D:5)
  Blork the orc (D:4)
  2 scorpions (D:4)
  A hound (D:5)
  3 iguanas (D:4)
  10 adders
  4 gnolls (D:4)
  2 worms (D:2)
  3 dart slugs (D:1)
  13 orcs
  8 ball pythons
  5 endoplasms
  5 giant cockroaches
  7 goblins
  8 hobgoblins
  3 quokkas
  6 bats
  11 kobolds
  4 rats
  A spectral orc (D:4)
98 creatures vanquished.

Notes
Turn   | Place    | Note
-------+----------+-------------------------------------------
     0 | D:1      | cheesebisquit the Gargoyle Earth Elementalist began the
                  | quest for the Orb.
     0 | D:1      | Reached XP level 1. HP: 10/10 MP: 3/3
   118 | D:1      | Reached skill level 4 in Earth Magic
   177 | D:1      | Reached XP level 2. HP: 15/15 MP: 1/5
   536 | D:1      | Reached skill level 5 in Earth Magic
   536 | D:1      | Reached XP level 3. HP: 19/19 MP: 4/6
  1413 | D:2      | Reached XP level 4. HP: 24/24 MP: 4/7
  1441 | D:2      | Found a sparkling altar of Nemelex Xobeh.
  1871 | D:3      | Found a large runed translucent door.
  1871 | D:3      | Found a large runed translucent door.
  1877 | D:3      | Reached skill level 6 in Earth Magic
  1894 | D:3      | Learned a level 3 spell: Stone Arrow
  2336 | D:3      | Found a sparkling altar of Nemelex Xobeh.
  2387 | D:3      | Reached XP level 5. HP: 28/28 MP: 6/8
  2669 | D:3      | Found a stormy altar of Qazlal.
  2681 | D:3      | Found an ancient bone altar of Kikubaaqudgha.
  2738 | D:4      | Identified the +0 pair of gloves of Gallantry {rPois rC+
                  | Str+2 SInv}
  2747 | D:4      | Reached skill level 7 in Earth Magic
  2877 | D:4      | Reached XP level 6. HP: 32/32 MP: 6/9
  3112 | D:4      | Noticed Blork the orc
  3115 | D:4      | Killed Blork the orc
  3116 | D:4      | Reached skill level 8 in Earth Magic
  3706 | D:4      | Reached skill level 9 in Earth Magic
  3774 | D:4      | Found a basalt altar of Yredelemnul.
  3825 | D:4      | Reached XP level 7. HP: 36/36 MP: 6/10
  3975 | D:4      | Found a broken altar of Ashenzari.
  4094 | D:5      | Entered Level 5 of the Dungeon
  4103 | D:5      | Reached skill level 10 in Earth Magic
  4297 | D:5      | Slain by an orc warrior

Illustrated notes

Levels and vault maps discovered:
D:1:      psy_arrival_whirlpool, layout_loops_ring, minmay_tromino_v7
D:2:      layout_basic, basic_altar, minmay_tree_intersection
D:3:      layout_rooms, jmf_multi_god_temple2, mainiacjoe_overflow_boulevard
D:4:      layout_basic, yredelemnul_forgotten_temple_becter, kennysheep_mini,
          chequers_serial_rivers_micro_a, uniq_blork_the_orc
D:5:      layout_layer_cave, nicolae_sif_muna_little_library, marbit_many_paths,
          nicolae_overflow_hidden_temple, minmay_temple_entry_arrows, uniq_pikel

Skill      XL: |  1  2  3  4  5  6  7 |
---------------+----------------------+-----
Earth Magic    | 4 5 6 7 9 10 | 10.1
Dodging        | |  1.5
Stealth        | |  2.1
Spellcasting   | |  2.0
Transmutations | |  0.7

Action                     |  1- 3 |  4- 6 |  7- 9 || total
---------------------------+-------+-------+-------++-------
  Melee: Hand axe          |     4 |       |       ||     4
         Dagger            |     2 |       |       ||     2
         Flail             |       |       |     1 ||     1
   Cast: Sandblast         |    54 |    73 |    18 ||   145
 Armour: Robe              |     2 |     6 |     3 ||    11
  Dodge: Dodged            |    10 |    10 |     4 ||    24

Table legend: (Time is in decaauts)
 A = Elapsed time spent in this place.
 B = Non-inter-level travel time spent in this place.
 C = Inter-level travel time spent in this place.
 D = Time resting spent in this place.
 E = Time spent auto-exploring this place.
 F = Levels seen in this place.
 G = Mean time per level.
                   A        B        C        D        E       F      G
               +--------+--------+--------+--------+--------+-----+--------+
         Total |   4372 |   4214 |    158 |      0 |   3684 |   5 |  874.4 |
       Dungeon |   4372 |   4214 |    158 |      0 |   3684 |   5 |  874.4 |
               +--------+--------+--------+--------+--------+-----+--------+

Top non-repeatable levels by time:
     D:4: 1384 daAuts
     D:1: 1092 daAuts
     D:3: 873 daAuts
     D:2: 811 daAuts
     D:5: 210 daAuts
